 Dungeon Crawl Stone Soup version 0.27.0-1-g7a08968 (webtiles) character file.

Game seed: 6972326786178585781

101 PanicHappy the Ruffian (level 4, -9/36 HPs)
             Began as a Draconian Transmuter on Sept 16, 2021.
             Killed by nerve-wracking pain
             ... invoked by Grinder
              (11 damage)
             ... on level 3 of the Dungeon.
             The game lasted 00:06:50 (2265 turns).

PanicHappy the Ruffian (Draconian Transmuter)       Turns: 2265, Time: 00:06:50

Health: -9/36      AC:  6    Str: 13    XL:     4   Next: 48%
Magic:  7/7        EV: 12    Int: 14    God:
Gold:   71         SH:  0    Dex: 11    Spells: 6/7 levels left

rFire    . . .     SeeInvis .   g - +2 whip (flame)
rCold    . . .     Faith    .   (no shield)
rNeg     . . .     Spirit   .   (armour unavailable)
rPois    .         Reflect  .   (helmet restricted)
rElec    .         Harm     .   (no cloak)
rCorr    .         Rampage  .   (no gloves)
Will     .....                  d - +0 pair of boots
Stlth    +.........             (no amulet)
HPRegen  0.12/turn              (no ring)
MPRegen  0.10/turn              (no ring)

@: no status effects
A: AC +5, unfitting armour, cold-blooded
a: no special abilities


You were on level 3 of the Dungeon.
You visited 1 branch of the dungeon, and saw 3 of its levels.

You collected 71 gold pieces.

Inventory:

Hand Weapons
 a - a +0 vorpal spear
 g - a +2 whip of flaming (weapon)
 m - a +0 dagger of venom
Armour
 c - a +3 ring mail
 d - a +0 pair of boots (worn)
Scrolls
 b - 3 scrolls of amnesia {unknown}
 f - a scroll of noise {unknown}
 i - a scroll of identify {unknown}
 k - 3 scrolls of enchant weapon {unknown}
Potions
 e - a potion of haste {unknown}
 h - a potion of degeneration {unknown}
 j - a potion of mutation {unknown}
 l - a potion of brilliance {unknown}


   Skills:
 + Level 2.0 Fighting
 + Level 0.9 Maces & Flails
 + Level 2.6 Dodging
 + Level 0.5 Stealth
 + Level 3.8 Unarmed Combat
 + Level 2.2 Spellcasting
 + Level 2.3 Transmutations


You had 6 spell levels left.
You knew the following spells:

 Your Spells              Type           Power      Damage    Failure   Level
a - Beastly Appendage     Tmut           16%        N/A       9%          1

Your spell library contained the following spells:

 Spells                   Type           Power      Damage    Failure   Level
 Wereblood                Tmut           8%         N/A       14%         2
 Passwall                 Tmut/Erth      3%         N/A       22%         2
 Sandblast                Erth           2%         2d4       24%         1
 Spider Form              Tmut/Pois      2%         N/A       41%         3
 Ice Form                 Ice/Tmut       4%         N/A       82%         4
 Lee's Rapid Deconstruct  Erth           0%         3d5*      100%        5


Dungeon Overview and Level Annotations

Branches:
Dungeon (3/15)

Altars:
Ru

Shops:
D:1 (

Annotations:
D:3 Grinder


Innate Abilities, Weirdness & Mutations

Your plain brown scales are hard. (AC +5)
You cannot fit into any form of body armour.
You are cold-blooded and may be slowed by cold attacks.


Message History

You shrug off the repeated paralysis!
The adder bites you but does no damage. x2
You shrug off the repeated paralysis!
You can move again.
Pain shoots through your body!
You open the door. The adder bites you but does no damage.
Something tries to affect you, but you resist.
The adder bites you but does no damage.
There is an open door here.
The adder closely misses you.
You hit the adder. You burn the adder.
Your tail-slap misses the adder.
The adder is almost dead.
The adder bites you.
You are poisoned.
The adder poisons you! The adder bites you but does no damage.
You closely miss the adder.
Your tail-slap misses the adder.
The adder is almost dead.
You feel sick. The adder bites you.
You are more poisoned.
The adder poisons you!
You hit the adder. You burn the adder.
You kill the adder!
You feel very sick.
You hit the quokka but do no damage.
You feel very sick. The quokka barely misses you. The quokka bites you.
You hit the quokka. You burn the quokka.
You kill the quokka!
You feel sick.
You feel sick.
You feel sick. Something hits you but does no damage.
You feel sick. Something hits you but does no damage.
You feel sick. Something hits you.
You writhe in agony.
You feel sick. Something hits you.
* * * LOW HITPOINT WARNING * * *
You writhe in agony.
* * * LOW HITPOINT WARNING * * *
You feel sick.
You are no longer poisoned.
Pain shoots through your body!
You die...

####.......?##
##............##
#...............
+#######[..<.......#
#...#...#..........#
#.†.#...#..........#
#.......#.........#
###._.###.#......##
#....).@#..#.#.......
#...#...#.........#..
#...#...#...<........
+#######'.!.......###
#............#
#..............
#....#...#.>..#
.......#.........
................


There were no monsters in sight!

Vanquished Creatures
  An orc wizard (D:3)
  3 adders
  A worm (D:2)
  A dart slug (D:2)
  8 ball pythons
  A bat (D:2)
  2 endoplasms (D:1)
  A giant cockroach (D:3)
  6 hobgoblins
  6 jackals (D:2)
  3 kobolds
  3 quokkas
  A frilled lizard (D:1)
  2 goblins (D:1)
  3 rats
42 creatures vanquished.

Notes
Turn   | Place    | Note
-------+----------+-------------------------------------------
     0 | D:1      | PanicHappy the Draconian Transmuter began the quest for the
                  | Orb.
     0 | D:1      | Reached XP level 1. HP: 16/16 MP: 3/3
   640 | D:1      | Found Hoanisygist's Weapon Shop.
   916 | D:1      | Reached XP level 2. HP: 23/23 MP: 3/5
  1390 | D:2      | Reached XP level 3. HP: 22/28 MP: 6/6
  1929 | D:3      | Found a sacrificial altar of Ru.
  1948 | D:3      | Reached XP level 4. HP: 7/36 MP: 7/7
  2241 | D:3      | Noticed Grinder
  2245 | D:3      | Paralysed by something for 4 turns
  2265 | D:3      | Killed from afar by Grinder

Illustrated notes

Levels and vault maps discovered:
D:1:      elethiomel_arrival_quiet, layout_basic, serial_shops,
          nicolae_shop_statue_plus
D:2:      layout_loops_ring, minmay_misc_feat_diagonals, minmay_misc_feat_x
D:3:      layout_rooms, nicolae_ru_great_annihilating_truth, uniq_grinder

Skill      XL: |  1  2  3 |
---------------+----------+-----
Dodging        | 2 |  2.6
Fighting       | 2 |  2.0
Maces & Flails | |  0.9
Stealth        | |  0.5
Unarmed Combat | |  3.8
Spellcasting   | |  2.2
Transmutations | |  2.3

Action                   |  1- 3 |  4- 6 || total
-------------------------+-------+-------++-------
Melee: Spear             |    16 |       ||    16
       Unarmed           |    41 |       ||    41
       Kick              |     2 |       ||     2
       Whip              |    70 |    10 ||    80
       Tailslap          |    10 |       ||    10
 Cast: Beastly Appendage |     2 |       ||     2
 Stab: Sleeping          |     1 |       ||     1
       Paralysed         |       |     1 ||     1
Armor: Skin              |    42 |     7 ||    49
Dodge: Dodged            |    77 |     3 ||    80
